Map: New Repugnancy LE

Players

TLO

  • Race: Zerg Zerg
  • Spawn Location: 1:00

Zanster - Winner!

  • Race: Zerg Zerg
  • Spawn Location: 7:00

Event: 2019 WCS Summer

VOD

Have the link to the VOD?

Description

Time

  • Played on: July 12, 2019, 7:15 a.m.
  • Length: 3:22

All games in this series

Show
View Real Time Build Order
Export as new Build Order

TLO Zerg 

Build Orders: Pool Only 

Get SALT Encoding   

  12  0:17  Spawning Pool  
  11  0:22  Drone  
  11  0:26  Drone  
  13  0:30  Drone  
  14  0:40  Overlord  
  14  1:04  Zergling x4  
  14  1:05  Zergling x2  
  17  1:16  Zergling x2  
  18  1:26  Zergling x2  
  19  1:37  Zergling x2  
  20  1:48  Zergling x2  
  21  1:58  Spine Crawler  
  21  2:01  Spine Crawler  
  19  2:07  Spine Crawler  
  16  2:23  Zergling x2  
  10  2:40  Drone  
  7  2:54  Drone  
  8  3:09  Drone  
Show
View Real Time Build Order
Export as new Build Order

Zanster Zerg - Winner!

Build Orders: Pool First 

Get SALT Encoding   

  12  0:00  Drone  
  13  0:13  Overlord  
  13  0:17  Drone  
  14  0:31  Drone x2  
  16  0:41  Spawning Pool  
  15  0:44  Drone  
  15  0:45  Extractor  
  15  0:49  Drone  
  16  0:56  Drone  
  17  1:17  Hatchery  
  16  1:28  Zergling x6  
  19  1:38  Queen  
  21  1:42  Zergling x2  
  22  1:49  Spine Crawler  
  22  1:53  Zergling x2  
  23  2:02  Overlord  
  23  2:08  Spine Crawler  
  21  2:24  Zergling x4  
  19  2:37  Zergling x2  
  14  2:48  Zergling x2  
  11  2:54  Zergling x2  
  14  3:07  Drone  
Tags
 
Add a new tag
Caveats
  • Supply blocks, unpowered buildings, or Contaminate may cause inaccurate times.
  • Supply counts are checked every 10 seconds.